 Dungeon Crawl Stone Soup version 0.21.1-1-g345015f (webtiles) character file.

149 fleezle the Shield-Bearer (level 5, 0/47 HPs)
             Began as a Minotaur Fighter on June 17, 2018.
             Slain by an orc wizard
             ... wielding a +0 dagger
              (1 damage)
             ... on level 3 of the Dungeon.
             The game lasted 00:08:51 (1597 turns).

fleezle the Shield-Bearer (Minotaur Fighter)        Turns: 1597, Time: 00:08:52

Health: 0/47       AC:  9    Str: 26    XL:     5   Next: 9%
Magic:  4/4        EV:  8    Int:  5    God:
Gold:   125        SH:  0    Dex: 10    Spells: 4/4 levels left

rFire    . . .     SeeInvis .   a - +0 long sword
rCold    . . .     Gourm    .   v - +0 large shield
rNeg     . . .     Faith    .   s - +0 chain mail
rPois    .         Spirit   .   (helmet restricted)
rElec    .         Reflect  .   (no cloak)
rCorr    .         Harm     .   (no gloves)
MR       .....                  (no boots)
Stlth    ..........             (no amulet)
HPRegen  0.15/turn              y - +3 ring of slaying
MPRegen  0.09/turn              q - +3 ring of evasion

@: confused, mighty
A: retaliatory headbutt, horns 2
a: no special abilities


You were on level 3 of the Dungeon.
You were not hungry.

You visited 1 branch of the dungeon, and saw 3 of its levels.

You collected 125 gold pieces.

Inventory:

Hand Weapons
 a - a +0 long sword (weapon)
Missiles
 b - 14 bolts
 x - 7 needles of sleeping
Armour
 c - a +0 shield
 s - a +0 chain mail (worn)
 v - a +0 large shield (worn)
Jewellery
 g - an uncursed ring of flight
 q - a +3 ring of evasion (right hand)
 y - a +3 ring of slaying (left hand)
Scrolls
 e - 2 scrolls of fear {unknown}
 h - 2 scrolls of remove curse {unknown}
 i - a scroll of amnesia {unknown}
 j - 4 scrolls of identify {unknown}
 k - a scroll of random uselessness {unknown}
 l - a scroll of immolation {unknown}
 o - 2 scrolls of teleportation {unknown}
 r - a scroll of enchant armour {unknown}
 t - a scroll of blinking {unknown}
Potions
 m - a potion of flight {unknown}
 n - 2 potions of heal wounds {unknown}
 p - 2 potions of ambrosia {unknown}
 u - 2 potions of degeneration {unknown}
 w - a potion of curing {unknown}
Comestibles
 f - 4 rations


   Skills:
 + Level 4.7 Fighting
 + Level 3.7 Long Blades
 + Level 4.1 Armour
 + Level 1.5 Dodging
 + Level 4.8 Shields


You had 4 spell levels left.
You didn't know any spells.

Dungeon Overview and Level Annotations

Branches:
Dungeon (3/15)

Altars:


Innate Abilities, Weirdness & Mutations

You reflexively headbutt those who attack you in melee.
You have a pair of horns on your head.


Message History

You hear some strange, mumbled words.
You are confused.
The orc wizard hits you but does no damage.
You slash something! Your headbutt misses something.
The orc wizard hits you but does no damage.
Something hits you but does no damage. The gnoll completely misses you.
The orc wizard hits you but does no damage.
Something hits you but does no damage.
You completely miss something.
The orc wizard points at you and mumbles some strange words.
The magic dart hits you!
* * * LOW HITPOINT WARNING * * *
The gnoll hits you from afar with a halberd.
* * * LOW HITPOINT WARNING * * *
Something hits you but does no damage. The orc wizard hits you with a dagger.
* * * LOW HITPOINT WARNING * * *
You closely miss something.
The orc wizard hits you but does no damage.
The gnoll barely misses you. Something hits you.
You die...

+..^'.............+
#####.......#..<..#
########....#.....#
.......'....#.....#
########....#######
.......(#+#.#
.#######.# .#
.........# .#
..######@#
.....oo)# .#...gbo#
+......# #......#
#......# .........
.........


You could see an orc wizard, a gnoll, 2 orcs and a bat.

Vanquished Creatures
  3 gnolls (D:3)
  5 adders
  An ooze (D:1)
  4 worms (D:2)
  2 dart slugs
  An orc (D:3)
  2 giant cockroaches
  6 goblins
  2 hobgoblins
  10 jackals (D:2)
  6 kobolds
  A ball python (D:2)
  5 bats
  6 frilled lizards
  4 rats (D:1)
58 creatures vanquished.

Notes
Turn   | Place    | Note
-------+----------+-------------------------------------------
     0 | D:1      | fleezle the Minotaur Fighter began the quest for the Orb.
     0 | D:1      | Reached XP level 1. HP: 19/19 MP: 0/0
   300 | D:1      | Reached XP level 2. HP: 20/27 MP: 1/1
   837 | D:2      | Reached XP level 3. HP: 33/33 MP: 2/2
  1024 | D:2      | Reached XP level 4. HP: 39/40 MP: 3/3
  1572 | D:3      | Reached skill level 1 in Dodging
  1588 | D:3      | Reached XP level 5. HP: 23/47 MP: 4/4
  1596 | D:3      | HP: 2/47 [gnoll/halberd (5)]
  1597 | D:3      | Slain by an orc wizard

Skill      XL: |  1  2  3  4 |
---------------+-------------+-----
Armour         | 4 |  4.1
Fighting       | 4 |  4.7
Shields        | 4 |  4.8
Long Blades    | 3 |  3.7
Dodging        | 1 |  1.5

Action                   |  1- 3 |  4- 6 || total
-------------------------+-------+-------++-------
Melee: Long sword        |    91 |    59 ||   150
       Headbutt          |    15 |    11 ||    26
  Use: Potion            |       |     1 ||     1
  Eat: Ration            |       |     1 ||     1
Armor: Scale mail        |    20 |       ||    20
       Chain mail        |    34 |    46 ||    80
Dodge: Dodged            |    30 |    25 ||    55
Block: Shield            |    52 |     7 ||    59
       Large shield      |       |    77 ||    77
       Rpst.: Long sword |     7 |     4 ||    11
